Map: [ESL] Oceanborn

Players

Firefly - Winner!

  • Race: Protoss Protoss
  • Spawn Location: 11:00

Cyan

  • Race: Protoss Protoss
  • Spawn Location: 5:00

Event: ESL SC2 Masters 2023 Winter (Regional)

VOD

Have the link to the VOD?

Description

Time

  • Played on: Oct. 29, 2023, 7:51 a.m.
  • Length: 10:05

All games in this series

Show
View Real Time Build Order
Export as new Build Order

Firefly Protoss - Winner!

Build Orders: Oracle Opening 

Get SALT Encoding   

  12  0:00  Probe  
  13  0:12  Probe  
  14  0:18  Pylon  
  14  0:24  Probe (Chrono Boost)  
  15  0:36  Probe (Chrono Boost)  
  15  0:38  Gateway  
  16  0:45  Probe (Chrono Boost)  
  16  0:47  Assimilator  
  17  0:51  Probe  
  17  0:56  Assimilator  
  18  1:03  Probe (Chrono Boost)  
  19  1:06  Pylon  
  19  1:12  Probe (Chrono Boost)  
  19  1:17  Probe (Chrono Boost)  
  20  1:25  Cybernetics Core  
  21  1:29  Probe  
  22  1:41  Probe  
  22  1:42  Zealot  
  25  1:53  Probe  
  26  2:03  Stargate  
  26  2:05  Probe  
  27  2:09  Pylon, Adept (Chrono Boost)  
  29  2:39  Nexus  
  29  2:41  Shield Battery  
  29  2:44  Shield Battery  
  29  2:49  Stalker  
  31  2:58  Probe  
  31  3:00  Oracle (Chrono Boost)  
  34  3:10  Probe  
  35  3:20  Warp Gate  
  35  3:22  Probe  
  36  3:29  Oracle  
  36  3:32  Gateway  
  39  3:45  Twilight Council  
  39  3:52  Probe (Chrono Boost)  
  40  3:55  Probe (Chrono Boost)  
  42  4:06  Probe (Chrono Boost)  
  42  4:07  Probe (Chrono Boost)  
  42  4:09  Gateway  
  43  4:11  Probe (Chrono Boost)  
  43  4:14  Probe  
  43  4:16  Blink (Chrono Boost)  
  43  4:22  Probe  
  43  4:23  Stalker  
  46  4:25  Stalker  
  46  4:28  Probe  
  49  4:35  Probe  
  50  4:40  Probe  
  51  4:47  Probe  
  52  4:53  Stalker  
  52  4:55  Gateway  
  52  4:57  Pylon  
  52  4:59  Pylon  
  54  5:02  Probe x2  
  53  5:11  Nexus  
  53  5:24  Stalker x2  
  53  5:25  Pylon  
  54  5:29  Probe x2  
  54  5:31  Stalker  
  54  5:35  Assimilator  
  58  5:41  Probe x2  
  60  5:43  Shield Battery  
  60  5:51  Stalker x3  
  60  5:53  Probe x2  
  68  5:57  Stalker  
  70  6:05  Probe x2, Forge  
  70  6:09  Robotics Facility  
  72  6:13  Pylon  
  72  6:18  Probe x2 (Chrono Boost)  
  74  6:20  Adept x2  
  74  6:24  Probe (Chrono Boost)  
  79  6:30  Pylon, Probe x2 (Chrono Boost)  
  82  6:33  Probe (Chrono Boost), Charge  
  82  6:35  Probe (Chrono Boost)  
  82  6:38  Probe (Chrono Boost)  
  82  6:39  Probe  
  84  6:46  Probe  
  86  6:50  Gateway  
  86  6:51  Gateway x2  
  86  6:56  Gateway  
  84  7:05  Protoss Ground Weapons Level 1 (Chrono Boost)  
  84  7:09  Immortal (Chrono Boost)  
  84  7:10  Stalker x4  
  92  7:17  Assimilator  
  92  7:18  Probe x3  
  92  7:20  Pylon  
  95  7:30  Pylon  
  95  7:36  Stalker x4  
  103  7:39  Pylon  
  103  7:41  Pylon  
  103  7:42  Pylon  
  103  7:53  Nexus  
  103  7:54  Observer (Chrono Boost)  
  103  7:55  Pylon  
  102  7:59  Pylon  
  102  8:01  Adept x2  
  102  8:02  Zealot x2  
  102  8:03  Sentry  
  112  8:11  Warp Prism (Chrono Boost)  
  114  8:14  Zealot x2  
  114  8:15  Zealot  
  120  8:25  Zealot x4  
  120  8:30  Zealot  
  118  8:45  Zealot  
  118  8:46  Zealot x6  
  132  8:49  Templar Archives  
  117  9:04  Zealot  
  117  9:06  Zealot x7  
  111  9:21  Probe x4  
  115  9:32  Zealot x7  
  115  9:37  Zealot  
  113  9:54  Stalker x6  
  113  9:56  Zealot  
  113  9:59  Zealot  
Show
View Real Time Build Order
Export as new Build Order

Cyan Protoss 

Build Orders: Blink Stalkers 

Get SALT Encoding   

  12  0:00  Probe  
  13  0:12  Probe  
  14  0:18  Pylon  
  14  0:24  Probe (Chrono Boost)  
  15  0:36  Probe (Chrono Boost)  
  15  0:37  Gateway  
  16  0:44  Probe (Chrono Boost)  
  16  0:46  Assimilator  
  17  0:51  Probe  
  17  0:55  Assimilator  
  18  1:03  Probe (Chrono Boost)  
  19  1:08  Gateway  
  19  1:13  Probe (Chrono Boost)  
  19  1:18  Probe (Chrono Boost)  
  20  1:24  Cybernetics Core  
  21  1:29  Probe  
  22  1:35  Pylon  
  22  1:43  Pylon  
  22  1:46  Probe  
  23  1:58  Probe  
  24  2:02  Stalker  
  24  2:03  Stalker  
  24  2:06  Warp Gate  
  28  2:17  Pylon  
  27  2:40  Nexus  
  27  2:45  Probe  
  28  2:55  Shield Battery  
  28  2:59  Stalker  
  28  3:02  Probe  
  31  3:08  Stalker  
  33  3:15  Twilight Council  
  33  3:17  Probe  
  34  3:29  Probe  
  34  3:34  Pylon  
  35  3:43  Probe  
  35  3:44  Blink (Chrono Boost)  
  36  3:53  Probe  
  36  3:55  Probe  
  38  3:59  Stalker  
  38  4:00  Stalker  
  42  4:06  Probe (Chrono Boost)  
  42  4:08  Probe (Chrono Boost)  
  43  4:18  Probe (Chrono Boost)  
  43  4:20  Probe (Chrono Boost)  
  43  4:22  Stalker  
  47  4:25  Stalker  
  47  4:27  Probe (Chrono Boost)  
  47  4:28  Probe (Chrono Boost)  
  51  4:32  Probe (Chrono Boost)  
  51  4:33  Probe  
  53  4:42  Pylon  
  53  4:44  Probe  
  54  4:47  Probe  
  54  4:50  Gateway  
  55  4:56  Probe  
  56  5:02  Stalker x2  
  56  5:06  Probe  
  61  5:13  Nexus  
  61  5:15  Probe  
  61  5:21  Probe  
  59  5:27  Robotics Facility, Stalker, Probe  
  62  5:30  Stalker  
  62  5:35  Pylon  
  64  5:40  Probe x2  
  66  5:44  Stalker  
  68  5:52  Assimilator, Probe x2  
  68  5:53  Forge  
  68  5:56  Sentry x2  
  74  6:01  Charge  
  74  6:04  Probe  
  75  6:05  Probe  
  76  6:11  Shield Battery  
  76  6:15  Observer (Chrono Boost)  
  76  6:16  Pylon  
  77  6:20  Probe  
  77  6:24  Probe (Chrono Boost)  
  77  6:25  Stalker, Probe (Chrono Boost)  
  80  6:26  Stalker  
  80  6:31  Stalker  
  87  6:33  Probe (Chrono Boost)  
  87  6:34  Protoss Ground Weapons Level 1 (Chrono Boost)  
  87  6:37  Probe x2 (Chrono Boost)  
  89  6:44  Probe (Chrono Boost)  
  89  6:45  Probe (Chrono Boost)  
  89  6:46  Probe (Chrono Boost)  
  92  6:48  Probe (Chrono Boost)  
  92  6:52  Gateway x2  
  93  6:55  Gateway  
  91  7:02  Probe  
  90  7:09  Probe  
  90  7:10  Probe  
  90  7:11  Observer  
  90  7:12  Warp Prism (Chrono Boost)  
  90  7:15  Gateway  
  90  7:18  Gateway  
  90  7:19  Stalker x3  
  98  7:34  Nexus  
  98  7:37  Pylon  
  98  7:42  Gateway  
  98  7:47  Zealot  
  98  7:49  Pylon  
  100  7:57  Zealot x4  
  108  8:00  Pylon  
  108  8:03  Pylon  
  108  8:13  Stalker x4  
  116  8:22  Warp Prism (Chrono Boost)  
  114  8:31  Zealot x4  
  122  8:42  Zealot x3  
  122  8:43  Zealot x2  
  122  8:47  Nexus  
  132  8:49  Pylon  
  132  8:51  Pylon  
  92  9:10  Zealot x9  
  84  9:21  Probe  
  78  9:28  Stalker x2  
  78  9:31  Stalker x2  
  83  9:33  Zealot x3  
  83  9:35  Zealot  
  92  9:39  Zealot  
  84  9:47  Zealot x2  
  68  9:55  Zealot x6  
Tags
 
Add a new tag
Caveats
  • Supply blocks, unpowered buildings, or Contaminate may cause inaccurate times.
  • Supply counts are checked every 10 seconds.